 Dungeon Crawl Stone Soup version 0.20.1-1-g8b1a95d (console) character file.

17021 Kloppie the Basher (level 12, -1/96 HPs)
             Began as a Minotaur Fighter on July 12, 2017.
             Was an Elder of Hepliaklqana.
             Slain by a white imp (5 damage)
             ... in an ice cave.
             The game lasted 00:24:14 (12969 turns).

Kloppie the Basher (Minotaur Fighter)              Turns: 12969, Time: 00:24:15

Health: -1/96      AC: 13    Str: 28    XL:     12   Next: 15%
Magic:  11/11      EV: 10    Int:  5    God:    Hepliaklqana [****..]
Gold:   720        SH: 21    Dex: 10    Spells: 11/11 levels left

rFire    + . .     SeeInvis .   a - +3 flail
rCold    . . .     Gourm    .   C - +2 shield of Misanthropy {Str+2}
rNeg     . . .     Faith    .   D - +0 chain mail {MR+}
rPois    +         Spirit   .   (helmet restricted)
rElec    .         Reflect  +   (no cloak)
rCorr    .         Harm     .   (no gloves)
MR       +....                  P - +1 pair of boots
Stlth    ..........             L - +6 amulet of reflection
Regen    0.3/turn               F - ring of poison resistance
MPRegen  0.2/turn               j - ring of protection from fire

@: about to teleport
A: retaliatory headbutt, reduced essence, horns 2
a: Recall Ancestor, Ancestor Identity, Transference, Idealise, Renounce Religion


You were in an ice cave.
You worshipped Hepliaklqana.
Hepliaklqana was greatly pleased with you.
You were very hungry.

You visited 3 branches of the dungeon, and saw 13 of its levels.
You also visited: Labyrinth, Bailey and Ice Cave.

You collected 772 gold pieces.
You spent 52 gold pieces at shops.

Inventory:

Hand Weapons
 a - a +3 flail (weapon)
Armour
 c - a +0 shield
 h - a +0 chain mail of fire resistance
 u - a cursed +0 large shield
 C - the +2 shield of Misanthropy (worn) {Str+2}
   (You found it in a bailey)

   It affects your strength (+2).
 D - a +0 chain mail of magic resistance (worn)
 P - a +1 pair of boots (worn)
Jewellery
 g - an uncursed ring of resist corrosion
 j - a ring of protection from fire (right hand)
 s - the ring "Xacikka" {-Tele +Fly rElec Int+4}
   (You took it off a minotaur in a labyrinth)

   [ring of flight]

   It affects your intelligence (+4).
   It insulates you from electricity.
   It lets you fly.
   It prevents most forms of teleportation.
 w - an uncursed ring of fire
 F - a ring of poison resistance (left hand)
 L - a +6 amulet of reflection (around neck)
Wands
 B - a wand of lightning (3/15)
 H - a wand of flame (28/48)
 I - a wand of disintegration (7/24)
 M - a wand of disintegration (10/24)
 N - a wand of disintegration (10/24)
 O - a wand of acid (4/15)
Scrolls
 b - 4 scrolls of blinking
 i - a scroll of magic mapping
 m - a scroll of remove curse
 t - a scroll of enchant armour
 v - a scroll of identify
 y - 2 scrolls of immolation
 E - 2 scrolls of fog
 J - 3 scrolls of teleportation
 K - 4 scrolls of enchant weapon
Potions
 d - a potion of lignification
 o - a potion of curing
 p - a potion of magic
 q - 2 potions of brilliance
 r - a potion of cancellation
Comestibles
 f - 6 bread rations
 k - 11 royal jellies
 x - 21 fruits


   Skills:
 + Level 10.3 Fighting
 - Level 14.5 Maces & Flails
 - Level 9.4 Armour
 - Level 5.2 Dodging
 + Level 12.3 Shields


You had 11 spell levels left.
You didn't know any spells.

Dungeon Overview and Level Annotations

Branches:
Dungeon (10/15)            Temple (1/1) D:5            Lair (2/6) D:10
    Orc (0/2) D:9
  Swamp: Lair:2-4    Shoals: Lair:2-4     Snake: Lair:2-4    Spider: Lair:2-4

Altars:
Ashenzari
Cheibriados
Dithmenos
Elyvilon
Fedhas
Gozag
Hepliaklqana
Kikubaaqudgha
Makhleb
Nemelex Xobeh
Okawaru
Qazlal
Ru
Sif Muna
Trog
Uskayaw
Vehumet
Xom
Yredelemnul
Zin
The Shining One

Shops:
D:7 !=%((   D:9 (


Innate Abilities, Weirdness & Mutations

You reflexively headbutt those who attack you in melee.
You have a pair of horns on your head.
Your life essence is reduced to manifest your ancestor. (-10% HP)


Message History

The white imp shouts, "Flee, thou plume-plucked toad-spotted fleecer!"
The white imp shouts, "Turn tail, thou pandering nose-picking bull-brain!"
The white imp shouts!
You block the white imp's attack. The white imp gestures at you.
The puff of frost reflects off an invisible shield around you!
The puff of frost hits the white imp.
The white imp resists.
A white imp and a simulacrum come into view.
As you read the scroll of teleportation, it crumbles to dust.
You feel strangely unstable. You block the white imp's attack. x2
The white imp gestures at you. The puff of frost hits you!
* * * LOW HITPOINT WARNING * * *
The white imp gestures at you.
The puff of frost reflects off an invisible shield around you!
The puff of frost hits the white imp.
The white imp completely resists.
You block the white imp's attack. The white imp hits you.
* * * LOW HITPOINT WARNING * * *
The white imp freezes you.
You die...

##.###...#Z......##
....###..#..5.....#
.....######8.....8#
..# ..# #..5....#
.# ..# #...Z5Z.# .#
..+ #...Z5..# .#


Zp# #8.....8# .## ..# ##...55.# .Z##ยง.# #....@## {.Z..# ##...## #R..## ##+##
#..## #### You could see 6 white imps, a naga simulacrum, an ogre simulacrum and
a troll simulacrum.

Vanquished Creatures
  A minotaur (Lab)
  Erolcha (D:9)
  A two-headed ogre (D:10)
  Sonja (D:10)
  An unseen horror (D:9)
  An ice statue (IceCv)
  2 spiny frogs (Lair:1)
  8 freezing wraiths (IceCv)
  2 komodo dragons
  A troll (D:10)
  A queen bee (D:8)
  Grum (D:8)
  4 yaks (Lair:1)
  2 hungry ghosts (D:9)
  A basilisk (Lair:1)
  Eustachio (D:6)
  3 water moccasins
  A porcupine (Lair:1)
  Duvessa (D:4)
  4 orc warriors
  An alligator simulacrum (IceCv)
  2 black bears
  3 phantoms
  6 ice beasts (IceCv)
  3 ogres
  3 wolves
  2 centaurs
  A crocodile (Lair:1)
  A big kobold (D:6)
  8 bullfrogs
  Dowan (D:4)
  2 wyvern skeletons (D:8)
  A scorpion (D:5)
  2 troll zombies (D:9)
  A swamp dragon simulacrum (IceCv)
  A wight (D:7)
  18 killer bees (D:8)
  An electric eel (D:10)
  2 howler monkeys (D:10)
  2 bullfrog zombies
  4 crimson imps
  A draconian simulacrum (IceCv)
  2 jellies
  7 hounds
  2 gnoll shamans
  2 orc priests
  A bullfrog skeleton (D:7)
  6 orc wizards
  An iguana (D:9)
  7 worker ants
  A spriggan simulacrum (IceCv)
  A wolf simulacrum (IceCv)
  5 ogre zombies (D:9)
  2 centaur simulacra (IceCv)
  A hound skeleton (D:10)
  8 gnolls
  9 adders
  A shadow imp (D:8)
  5 white imps (IceCv)
  An adder zombie (D:5)
  2 adder skeletons
  A worm (D:5)
  2 dart slugs
  2 leopard geckos
  29 orcs
  A ball python (D:2)
  6 giant cockroaches
  7 goblins
  4 hobgoblins
  10 jackals
  22 kobolds
  2 quokkas
  3 bats
  5 frilled lizards
  A goblin skeleton (D:9)
  2 goblin zombies (D:9)
  A hobgoblin zombie (D:9)
  2 orc skeletons (D:9)
  9 orc zombies (D:9)
  A quokka skeleton (D:6)
  5 rats
283 creatures vanquished.

Vanquished Creatures (collateral kills)
  Snorg (D:10)
  An ugly thing (D:7)
  A freezing wraith (IceCv)
  2 hippogriffs
  A water moccasin (Lair:1)
  3 orc warriors (Bailey)
  An ogre (D:6)
  A crocodile (D:8)
  A scorpion (D:5)
  4 killer bees (D:8)
  2 electric eels (D:10)
  A crimson imp (D:9)
  An orc wizard (D:10)
  A wolf simulacrum (IceCv)
  An ogre zombie (D:9)
  A centaur simulacrum (IceCv)
  A worker ant zombie (D:10)
  2 adders
  A white imp (IceCv)
  18 orcs
  A jackal (D:5)
  3 goblins (D:8)
  A goblin skeleton (D:9)
  A goblin zombie (D:9)
  A hobgoblin skeleton (D:9)
  3 hobgoblin zombies (D:9)
  A jackal skeleton (D:5)
  A kobold (D:6)
  4 orc zombies (D:9)
61 creatures vanquished.

Vanquished Creatures (others)
  A bullfrog (D:6)
  7 knights
  2 orcs (D:10)
10 creatures vanquished.

Grand Total: 354 creatures vanquished

Notes
Turn   | Place    | Note
-------+----------+-------------------------------------------
     0 | D:1      | Kloppie the Minotaur Fighter began the quest for the Orb.
     0 | D:1      | Reached XP level 1. HP: 19/19 MP: 0/0
   304 | D:1      | Reached XP level 2. HP: 25/26 MP: 1/1
   700 | D:1      | Reached skill level 3 in Maces & Flails
  1070 | D:2      | Reached XP level 3. HP: 31/31 MP: 2/2
  1150 | D:2      | Found a glowing golden altar of the Shining One.
  1552 | D:3      | Found a radiant altar of Vehumet.
  1623 | D:3      | Reached skill level 5 in Shields
  1690 | D:3      | Reached XP level 4. HP: 31/39 MP: 3/3
  2015 | D:4      | Reached skill level 4 in Maces & Flails
  2067 | D:5      | Entered Level 5 of the Dungeon
  2075 | D:5      | Reached XP level 5. HP: 9/45 MP: 4/4
  2077 | D:5      | HP: 2/45 [poisoned by a scorpion]
  2332 | D:5      | Reached skill level 5 in Maces & Flails
  2617 | D:4      | Noticed Dowan
  2619 | D:4      | Noticed Duvessa
  2630 | D:4      | Killed Duvessa
  2630 | D:4      | Reached XP level 6. HP: 50/53 MP: 5/5
  2638 | D:4      | Killed Dowan
  2638 | D:4      | Reached skill level 5 in Fighting
  2849 | D:4      | Reached skill level 6 in Maces & Flails
  3305 | D:5      | Reached XP level 7. HP: 60/61 MP: 6/6
  3613 | D:5      | Reached skill level 7 in Maces & Flails
  3701 | D:5      | Found a staircase to the Ecumenical Temple.
  3706 | Temple   | Entered the Ecumenical Temple
  3899 | Temple   | Became a worshipper of Hepliaklqana the Forgotten
  4047 | D:5      | Found a snail-covered altar of Cheibriados.
  4463 | D:6      | Noticed Eustachio
  4471 | D:6      | Killed Eustachio
  4471 | D:6      | Reached skill level 8 in Maces & Flails
  4471 | D:6      | Reached XP level 8. HP: 55/62 MP: 7/7
  4598 | D:6      | Found a hide-covered altar of Uskayaw.
  4606 | D:6      | Reached skill level 9 in Maces & Flails
  4635 | D:6      | Reached * piety under Hepliaklqana
  5318 | D:7      | Found Qoel's Distillery.
  5372 | D:7      | Found Fitaamam's Food Emporium.
  5427 | D:7      | Found Kiula Qod's Weapon Boutique.
  5487 | D:7      | Reached skill level 10 in Maces & Flails
  5499 | D:7      | Found Biodid's Jewellery Shoppe.
  5502 | D:7      | Bought a cursed -5 ring of evasion for 26 gold pieces
  5502 | D:7      | Bought a cursed amulet of inaccuracy for 26 gold pieces
  5642 | D:7      | Found a white marble altar of Elyvilon.
  5730 | D:7      | Noticed a red ugly thing
  5736 | D:7      | Killed a red ugly thing
  5736 | D:7      | Reached XP level 9. HP: 53/72 MP: 8/8
  5943 | D:7      | Found Caizir's Weapon Emporium.
  6135 | D:8      | Reached ** piety under Hepliaklqana
  6154 | D:8      | Remembered your ancestor Djefatnebti as a knight
  6164 | D:8      | Noticed a queen bee
  6168 | D:8      | Reached skill level 11 in Maces & Flails
  6180 | D:8      | HP: 3/73 [killer bee (5)]
  6259 | D:8      | Noticed Grum
  6259 | D:8      | Found a flagged portal.
  6288 | D:8      | Killed Grum
  6475 | Bailey   | Entered a bailey
  6726 | Bailey   | Reached skill level 5 in Armour
  6944 | Bailey   | Got a transparent shield
  6955 | Bailey   | Identified the +2 shield of Misanthropy {Str+2} (You found it in a bailey)
  7109 | D:8      | Reached skill level 12 in Maces & Flails
  7188 | D:8      | Reached XP level 10. HP: 73/81 MP: 9/9
  7761 | D:9      | Found a staircase to the Orcish Mines.
  7786 | D:9      | Reached skill level 13 in Maces & Flails
  7972 | D:9      | Found Maosigu's Weapon Shop.
  7999 | D:9      | Noticed Erolcha
  8010 | D:9      | Killed Erolcha
  8097 | D:9      | Killed an unseen horror
  8401 | D:10     | Entered Level 10 of the Dungeon
  8412 | D:10     | Reached *** piety under Hepliaklqana
  8551 | D:10     | HP: 1/81 [electric eel/bolt of electricity (7)]
  8889 | D:10     | Noticed a two-headed ogre
  8916 | D:10     | Killed a two-headed ogre
  8916 | D:10     | Reached skill level 14 in Maces & Flails
  8916 | D:10     | Reached XP level 11. HP: 66/87 MP: 10/10
  9166 | D:10     | Noticed Sonja
  9188 | D:10     | Killed Sonja
  9405 | D:10     | Found a staircase to the Lair.
  9769 | D:10     | Noticed Snorg
  9781 | D:10     | Killed Snorg
  9781 | D:10     | Reached skill level 10 in Shields
 10317 | Lair:1   | Entered Level 1 of the Lair of Beasts
 10346 | Lair:1   | Reached skill level 1 in Dodging
 10603 | Lair:1   | Reached **** piety under Hepliaklqana
 11169 | Lair:2   | Found a labyrinth entrance.
 11174 | Lab      | Entered a labyrinth
 11292 | Lab      | Noticed a minotaur
 11309 | Lab      | Killed a minotaur
 11311 | Lab      | Got a shimmering bronze ring
 11525 | Lab      | Identified the ring "Xacikka" {-Tele +Fly rElec Int+4} (You took it off a minotaur in a labyrinth)
 11593 | Lair:2   | Reached skill level 5 in Dodging
 11599 | Lair:2   | Found a frozen archway.
 11607 | IceCv    | Entered an ice cave
 12500 | IceCv    | Reached XP level 12. HP: 68/95 MP: 11/11
 12514 | IceCv    | Reached skill level 10 in Fighting
 12848 | IceCv    | Found an ancient bone altar of Kikubaaqudgha.
 12969 | IceCv    | HP: 4/96 [white imp (1)]
 12969 | IceCv    | Slain by a white imp

Skill      XL: |  1  2  3  4  5  6  7  8  9 10 11 12 |
---------------+-------------------------------------+-----
Shields        | 4 5 6 7 8 9 12 | 12.3
Maces & Flails | 3 4 5 6 8 10 12 14 | 14.5
Fighting       | 4 5 7 9 10 | 10.3
Armour         | 4 6 9 |  9.4
Dodging        | 5 |  5.2

Action                   |  1- 3 |  4- 6 |  7- 9 | 10-12 || total
-------------------------+-------+-------+-------+-------++-------
Melee: Flail             |    72 |   101 |   250 |   490 ||   913
       Headbutt          |    10 |    28 |    42 |   113 ||   193
Invok: Ancestor Identity |       |       |     1 |       ||     1
       Ancestor Life: Kn |       |       |     1 |       ||     1
Evoke: Wand              |       |       |     3 |     2 ||     5
  Use: Potion            |       |     4 |     3 |     9 ||    16
       Scroll            |       |    14 |     5 |    12 ||    31
 Stab: Distracted        |       |       |     2 |       ||     2
  Eat: Chunk             |     2 |     6 |    12 |     9 ||    29
       Meat ration       |       |       |       |     2 ||     2
Armor: Scale mail        |    34 |    62 |    43 |       ||   139
       Chain mail        |       |       |    71 |   144 ||   215
       Skin              |       |       |       |    17 ||    17
Dodge: Dodged            |    28 |    47 |    98 |    96 ||   269
Block: Shield            |    24 |    74 |   195 |   393 ||   686
       Reflection        |       |       |       |     3 ||     3
